 Dungeon Sprint DCSS version 0.27-a0-1456-gf5a116941d (webtiles) character file.

Game seed: 3144517066517255143

1246 mhtbhm the Basher (level 8, 0/90 HPs)
             Began as a Kobold Berserker on July 5, 2021.
             Was a High Priest of Trog.
             Slain by a fire elemental (5 damage)
             ... summoned by a deep elf pyromancer
             ... in the Dungeon (Sprint IX: "|||||||||||||||||||||||||||||").
             The game lasted 00:01:05 (540 turns).

mhtbhm the Basher (Kobold Berserker)                 Turns: 540, Time: 00:01:06

Health: 0/90       AC:  9    Str: 16    XL:     8   Next: 79%
Magic:  8/8        EV: 20    Int:  9    God:    Trog [*****.]
Gold:   0          SH:  0    Dex: 17    Spells: 7/7 levels left

rFire    . . .     SeeInvis .   a - +0 mace
rCold    . . .     Faith    .   (shield restricted)
rNeg     . . .     Spirit   .   b - +2 ring mail
rPois    .         Reflect  .   (no helmet)
rElec    .         Harm     .   (no cloak)
rCorr    .         Rampage  .   k - +0 pair of gloves
Will     .....     NoTele   +   (no boots)
Stlth    ..........             (no amulet)
HPRegen  0.25/turn              l - +3 ring of dexterity
MPRegen  0.11/turn              m - +2 ring of evasion

@: berserking (expiring), very quick
A: small, no large weapons, nightstalker 3
a: Renounce Religion, Berserk, Trog's Hand, Brothers in Arms


You were in the Dungeon.
You worshipped Trog.
Trog was extremely pleased with you.
You visited 1 branch

Inventory:

Hand Weapons
 a - a +0 mace (weapon)
Missiles
 n - 3 poisoned darts (quivered)
Armour
 b - a +2 ring mail (worn)
 k - a +0 pair of gloves (worn)
Jewellery
 l - a +3 ring of dexterity (left hand)
 m - a +2 ring of evasion (right hand)
Wands
 j - a wand of iceblast (10)
Scrolls
 h - 2 scrolls of blinking
Potions
 c - 5 potions of curing
 d - 3 potions of heal wounds
 e - a potion of haste
 f - 4 potions of magic
 g - a potion of berserk rage
 i - a potion of invisibility


   Skills:
 + Level 11.5 Fighting
 + Level 11.6 Maces & Flails
 + Level 4.4 Armour
 + Level 8.4 Dodging
 + Level 2.4 Stealth


You had 7 spell levels left.
You didn't know any spells.
Your spell library was empty.

Dungeon Overview and Level Annotations

Branches:
Dungeon (1/1)

Altars:
Cheibriados
Dithmenos
Elyvilon
Fedhas
Gozag
Hepliaklqana
Kikubaaqudgha
Makhleb
Nemelex Xobeh
Okawaru
Qazlal
Ru
Sif Muna
Trog
Uskayaw
Vehumet
Wu Jian
Xom
Yredelemnul
Zin
The Shining One
Beogh
Jiyva
Lugonu


Innate Abilities, Weirdness & Mutations

You are small and have problems with some larger weapons.
You are completely attuned to the shadows.


Message History

You hit the centaur warrior.
The centaur warrior is severely wounded.
You closely miss the centaur warrior.
The centaur warrior is severely wounded.
The centaur warrior hits you.
The centaur warrior kicks you but does no damage.
You sock the centaur warrior!
The centaur warrior is almost dead.
The centaur warrior hits you. The centaur warrior misses you.
You sock the centaur warrior!
You kill the centaur warrior!
Trog accepts your kill. Something appears at your feet!
You see here a +1 double sword of flaming.
Trog grants you a weapon!
The deep elf pyromancer casts a spell at you.
The bolt of fire hits you!!
* * * LOW HITPOINT WARNING * * *
Your Fighting skill increases to level 11!
Your Maces & Flails skill increases to level 11!
Your Dodging skill gained 2 levels and is now at level 8!
Your Stealth skill increases to level 2!
You have reached level 8!
Unknown command.
A white ugly thing comes into view.
The white ugly thing gurgles horribly!
You hear a roar!
Things that are here:
a +0 longbow; 30 arrows You thump the deep elf pyromancer!
The deep elf pyromancer is moderately wounded.
The deep elf pyromancer closely misses you.
You thump the deep elf pyromancer!
The deep elf pyromancer is heavily wounded.
The deep elf pyromancer casts a spell.
You hit the deep elf pyromancer.
The deep elf pyromancer is heavily wounded.
You hit the deep elf pyromancer.
The deep elf pyromancer is severely wounded.
The fire elemental hits you. The fire elemental burns you!
You die... ▓▓▓▓▓▓▓▓▓▓▓▓▓▓▓▓▓▓▓▓▓ WuTe@E....))'[..[[.)? ▓▓▓▓▓▓▓▓▓▓▓▓▓▓▓▓▓▓▓▓▓

You could see a white ugly thing, a deep elf pyromancer, a troll, a fire elemental (summoned) and a wraith.

Vanquished Creatures
  A centaur warrior (D)
  A gargoyle (D)
  An orc warrior (D)
  A kobold brigand (D)
  A scorpion (D)
  2 orc wizards (D)
  A white imp (D)
  2 adder zombies (D)
  A dart slug (D)
  An endoplasm (D)
  A giant cockroach (D)
  A hobgoblin (D)
  A bat (D)
  A quokka zombie (D)
  A rat (D)
17 creatures vanquished.

Notes
Turn   | Place    | Note
-------+----------+-------------------------------------------
     0 | D        | mhtbhm the Kobold Berserker began the quest for the Orb.
     0 | D        | Reached XP level 1. HP: 14/14 MP: 1/1
    10 | D        | Reached ** piety under Trog
    48 | D        | Noticed a scorpion
    54 | D        | Reached XP level 2. HP: 14/20 MP: 2/2
    61 | D        | Killed a scorpion
    61 | D        | Reached *** piety under Trog
    62 | D        | Reached skill level 5 in Maces & Flails
    62 | D        | Reached XP level 3. HP: 10/27 MP: 3/3
    62 | D        | Reached XP level 4. HP: 13/32 MP: 4/4
   256 | D        | Reached **** piety under Trog
   257 | D        | Reached XP level 5. HP: 37/37 MP: 5/5
   262 | D        | Found a snail-covered altar of Cheibriados.
   262 | D        | Found a shadowy altar of Dithmenos.
   263 | D        | Found a white marble altar of Elyvilon.
   264 | D        | Found a blossoming altar of Fedhas.
   265 | D        | Found an opulent altar of Gozag.
   266 | D        | Found a hazy altar of Hepliaklqana.
   267 | D        | Found a viscous altar of Jiyva.
   268 | D        | Found an ancient bone altar of Kikubaaqudgha.
   269 | D        | Found a corrupted altar of Lugonu.
   270 | D        | Found a burning altar of Makhleb.
   271 | D        | Found a sparkling altar of Nemelex Xobeh.
   272 | D        | Found an iron altar of Okawaru.
   273 | D        | Found a stormy altar of Qazlal.
   274 | D        | Found a sacrificial altar of Ru.
   275 | D        | Found a shimmering blue altar of Sif Muna.
   276 | D        | Found a bloodstained altar of Trog.
   277 | D        | Found a hide-covered altar of Uskayaw.
   278 | D        | Found a radiant altar of Vehumet.
   279 | D        | Found an ornate altar of the Wu Jian Council.
   280 | D        | Found a shimmering altar of Xom.
   281 | D        | Found a basalt altar of Yredelemnul.
   282 | D        | Found a glowing silver altar of Zin.
   283 | D        | Found a glowing golden altar of the Shining One.
   327 | D        | Noticed an orc warrior
   327 | D        | Noticed a gargoyle
   335 | D        | Killed a gargoyle
   336 | D        | Reached skill level 1 in Stealth
   336 | D        | Reached XP level 6. HP: 41/47 MP: 6/6
   336 | D        | Reached XP level 7. HP: 45/51 MP: 7/7
   467 | D        | Reached ***** piety under Trog
   468 | D        | Reached skill level 10 in Fighting
   468 | D        | Reached skill level 10 in Maces & Flails
   525 | D        | Noticed a troll
   525 | D        | Noticed a deep elf pyromancer
   525 | D        | Noticed a centaur warrior
   526 | D        | Noticed a wraith
   535 | D        | Killed a centaur warrior
   535 | D        | Received a gift from Trog
   536 | D        | Reached XP level 8. HP: 4/60 MP: 8/8
   536 | D        | Noticed a white ugly thing
   539 | D        | Noticed a fire elemental
   540 | D        | Slain by a fire elemental

Illustrated notes

Levels and vault maps discovered:
D:        linesprint [early_d, line_temple, items_1, d_10, items_2, lair_1,
          lair_end, items_3, orc_1, orc_end, items_4, d_15, swamp_1, shoals_1,
          snake_1, spider_1, d_20, vaults_1, items_5, swamp_end, shoals_end,
          snake_end, spider_end, vaults_end, d_27, items_6, zot_1, zot_end,
          crypt_end, forest_end, elf_end, slime_end, tomb_end, abyss_end,
          pan_hell_end]

Skill      XL: |  1  2  3  4  5  6  7 |
---------------+----------------------+-----
Maces & Flails | 3 5 6 9 11 | 11.6
Fighting       | 4 6 9 11 | 11.5
Dodging        | 3 4 6 8 |  8.4
Armour         | 2 3 4 |  4.4
Stealth        | 1 2 |  2.4

Action                   |  1- 3 |  4- 6 |  7- 9 || total
-------------------------+-------+-------+-------++-------
Melee: Mace              |    24 |    21 |    25 ||    70
Invok: Berserk           |     2 |     2 |     2 ||     6
Armor: Animal skin       |     4 |     1 |       ||     5
       Ring mail         |       |       |     5 ||     5
Dodge: Dodged            |    17 |     7 |    11 ||    35

Table legend: (Time is in decaauts)
 A = Elapsed time spent in this place.
 B = Non-inter-level travel time spent in this place.
 C = Inter-level travel time spent in this place.
 D = Time resting spent in this place.
 E = Time spent auto-exploring this place.
 F = Levels seen in this place.
 G = Mean time per level.
                   A        B        C        D        E       F      G
               +--------+--------+--------+--------+--------+-----+--------+
         Total |    575 |    575 |      0 |    388 |      3 |   1 |  575.0 |
       Dungeon |    575 |    575 |      0 |    388 |      3 |   1 |  575.0 |
               +--------+--------+--------+--------+--------+-----+--------+

Top non-repeatable levels by time:
       D: 575 daAuts
